 Dungeon Crawl Stone Soup version 0.29.0-4-gdea44cf6ec (webtiles) character file.

Game seed: 4654614846184569965

32 qw the Sneak (level 3, 0/23 HPs)
             Began as a Gargoyle Delver on Sept 10, 2022.
             Slain by an orc
             ... wielding a +0 hand axe
              (4 damage)
             ... on level 4 of the Dungeon.
             The game lasted 00:00:10 (582 turns).

qw the Sneak (Gargoyle Delver)                       Turns: 582, Time: 00:00:10

Health: 0/23       AC:  6    Str: 17    XL:     3   Next: 25%
Magic:  3/3        EV: 11    Int: 10    God:
Gold:   7          SH:  0    Dex: 11    Spells: 2/2 levels left

rFire   . . .      SeeInvis .   a - +0 hand axe
rCold   . . .      Faith    .   (no shield)
rNeg    + . .      Spirit   .   b - +0 leather armour
rPois   inf        Reflect  .   (no helmet)
rElec   +          Harm     .   (no cloak)
rCorr   .          Rampage  .   (no gloves)
Will    .....                   (no boots)
Stlth   +++.......              (no amulet)
HPRegen 0.07/turn               (no ring)
MPRegen 0.08/turn               (no ring)

@: no status effects
A: sickness immunity, AC +3, negative energy resistance 1, electricity
resistance, torment resistance 1, petrification resistance
a: no special abilities


You were on level 4 of the Dungeon.
You visited 1 branch of the dungeon, and saw 2 of its levels.

You collected 7 gold pieces.


Innate Abilities, Weirdness & Mutations

You are immune to sickness and miasma.
Your stone body is resilient. (AC +3)
You are immune to poison.
You resist negative energy. (rN+)
You are resistant to electric shocks. (rElec)
You are resistant to unholy torment.
You are immune to petrification.


   Skills:
 - Level 3.2 Fighting
 + Level 3.2 Axes
 - Level 1.5 Dodging
 - Level 5.4 Stealth


You had 2 spell levels left.
You didn't know any spells.
Your spell library was empty.

Inventory:

Hand Weapons
 a - a +0 hand axe (weapon)
Armour
 b - a +0 leather armour (worn)
Wands
 g - a wand of digging (3)
Potions
 f - a potion of haste

Dungeon Overview and Level Annotations

Branches:
Dungeon (5/15)
 Temple: D:4-7

Altars:


Message History

The adder completely misses you. The adder bites you.
You hit the adder.
The adder is almost dead.
The adder bites you.
You barely miss the adder.
The adder is almost dead.
You hit the orc. The adder bites you but does no damage.
The orc hits you but does no damage. The adder bites you but does no damage.
The orc hits you but does no damage.
You closely miss the adder.
The adder is almost dead.
You hit the orc but do no damage. The adder closely misses you.
The orc hits you with a +0 hand axe. The adder barely misses you.
You closely miss the adder.
The adder is almost dead.
You hit the orc. The adder closely misses you. The orc closely misses you.
You miss the adder.
The adder is almost dead.
You barely miss the orc. x2
The adder bites you but does no damage. The orc hits you with a +0 hand axe.
The orc closely misses you.
You hit the adder.
You kill the adder!
You hit the orc. You barely miss the orc. The orc barely misses you.
You have reached level 3!
Your experience leads to an increase in your attributes!
Increase (S)trength, (I)ntelligence, or (D)exterity?
You feel stronger. x2
You hit the orc.
You kill the orc!
You barely miss the orc. You closely miss the orc.
The orc hits you with a +0 hand axe. The orc closely misses you.
You hit the orc. Your punch misses the orc.
The orc is moderately wounded.
You closely miss the orc. The orc hits you with a +0 hand axe.
You die...

#......#
###>.....##..
#######...........#
#...%..........#...
#.###%.............
#............o
##.............
...........%#...
.#####.#..@)#.$.
#.###oo...... #.#
#.##.#... #.# #.# #
# #. #.# #.# #.#
..)


You could see 2 orcs.

Vanquished Creatures
  2 adders
  A shadow imp (D:5)
  An orc (D:4)
  2 jackals (D:4)
6 creatures vanquished.

Notes
Turn   | Place    | Note
-------+----------+-------------------------------------------
     0 | D:5      | qw the Gargoyle Delver began the quest for the Orb.
     0 | D:5      | Reached XP level 1. HP: 14/14 MP: 1/1
     0 | D:5      | 0 ||| qw: Version: 0.1-a-117-gfe26ee0
     0 | D:5      | 0 ||| qw: Game counter: 9721
     0 | D:5      | 0 ||| qw: Always use a shield: true
     0 | D:5      | 0 ||| qw: God list: Okawaru
     0 | D:5      | 0 ||| qw: Allow faded altars: false
     0 | D:5      | 0 ||| qw: Do Orc after D:15 true
     0 | D:5      | 0 ||| qw: Do second Lair branch before Depths: true
     0 | D:5      | 0 ||| qw: Lair rune preference: random
     0 | D:5      | 0 ||| qw: Plans: Normal
     0 | D:5      | 0 ||| PLANNING D:1-11
    22 | D:5      | 22 ||| Stepping ~*~*~tactically~*~*~ (hiding).
    29 | D:5      | HP: 2/14 [shadow imp (2)]
    31 | D:5      | Reached XP level 2. HP: 3/19 MP: 2/2
   209 | D:5      | 209 ||| Stepping ~*~*~tactically~*~*~ (stealth).
   217 | D:5      | 217 ||| Stepping ~*~*~tactically~*~*~ (stealth).
   239 | D:5      | HP: 2/19 [adder (4)]
   534 | D:5      | 534 ||| DROPPING scroll of fog.
   535 | D:5      | 535 ||| DROPPING scroll of magic mapping.
   536 | D:5      | 536 ||| DROPPING scroll of fear.
   543 | D:5      | 543 ||| FLEEEEING.
   544 | D:5      | 544 ||| STAIRDANCE
   564 | D:4      | Reached skill level 3 in Axes
   571 | D:4      | 571 ||| Stepping ~*~*~tactically~*~*~ (stealth).
   581 | D:4      | Reached XP level 3. HP: 7/23 MP: 3/3
   581 | D:4      | HP: 4/23 [orc/+0 hand axe (3)]
   582 | D:4      | Slain by an orc

Levels and vault maps discovered:
D:4:      layout_loops_ring, chequers_temple_overflow_statue_of_worship,
          minmay_temple_entry_antechambers, minivault_1, item_on_display_a,
          uniq_duvessa, uniq_ijyb, uniq_crazy_yiuf_cottage, uniq_eustachio
D:5:      layout_cave_pools, nicolae_wormholes

Skill      XL: |  1  2 |
---------------+-------+-----
Axes           | 2 3 |  3.2
Fighting       | |  3.2
Dodging        | |  1.5
Stealth        | |  5.4

Action                   || total
-------------------------++-------
Melee: Hand axe          ||    43
Armor: Leather armour    ||    19
Dodge: Dodged            ||    27

Table legend:
 A = Non-vault XP
 B = Vault XP
 C = Vault XP percentage of total XP
 D = Non-vault monster count
 E = Vault monster count
 F = Vault count percentage of total count
                 A         B        C        D         E       F
            +---------+---------+-------+---------+---------+-------
      Total |      46 |       0 |   0.0 |       6 |       0 |   0.0
            +---------+---------+-------+---------+---------+-------
        D:4 |      20 |       0 |   0.0 |       4 |       0 |   0.0
        D:5 |      26 |       0 |   0.0 |       2 |       0 |   0.0
            +---------+---------+-------+---------+---------+-------
